 Dungeon Crawl Stone Soup version 0.30-a0-1094-g860fb061e7 (webtiles) character file.

Game seed: 15799816946902214906

60 themarg the Chiller (level 3, -3/24 HPs)
             Began as a Demonspawn Ice Elementalist on Apr 18, 2023.
             Slain by a worm (7 damage)
             ... on level 2 of the Dungeon.
             The game lasted 00:03:28 (1649 turns).

themarg the Chiller (Demonspawn Ice Elementalist)   Turns: 1649, Time: 00:03:28

Health: -3/24      AC:  2    Str:  8    XL:     3   Next: 80%
Magic:  0/6        EV: 12    Int: 18    God:
Gold:   59         SH:  0    Dex: 13    Spells: 2/6 levels left

rFire   . . .      SeeInvis .    f - +0 dagger
rCold   . . .      Faith    .    (no shield)
rNeg    . . .      Spirit   .    a - +0 robe
rPois   .          Reflect  .    (helmet restricted)
rElec   .          Rampage  .    (no cloak)
rCorr   .                        (no gloves)
Will    .....                    (no boots)
Stlth   ++                       (no amulet)
HPRegen 0.24/turn                (no ring)
MPRegen 0.10/turn                (no ring)

@: very slightly contaminated
A: antennae 1, spiny 1
a: no special abilities


You were on level 2 of the Dungeon.
You visited 1 branch of the dungeon, and saw 2 of its levels.

You collected 59 gold pieces.

Inventory:

Hand Weapons
 f - a +0 dagger (weapon)
Missiles
 e - 10 stones
 j - 2 poisoned darts
Armour
 a - a +0 robe (worn)
Scrolls
 c - a scroll of amnesia {unknown}
 g - a scroll of noise {unknown}
 h - a scroll of immolation {unknown}
 l - a scroll of blinking {unknown}
 m - a scroll of poison {unknown}
Potions
 b - a potion of haste {unknown}
 d - 2 potions of lignification {unknown}
 i - a potion of degeneration {unknown}
 k - a potion of heal wounds {unknown}


   Skills:
 - Level 1.7 Dodging
 - Level 3.0 Stealth
 - Level 2.0 Spellcasting
 + Level 4.4 Ice Magic


You had 2 spell levels left.
You knew the following spells:

 Your Spells              Type           Power      Damage    Failure   Level
a - Freeze                Ice            68%        1d8       3%          1
b - Frozen Ramparts       Ice            34%        1d6       9%          3

Your spell library contained the following spells:

 Spells                   Type           Power      Damage    Failure   Level
 Ozocubu's Armour         Ice            17%        N/A       9%          3
 Summon Ice Beast         Ice/Summ       9%         N/A       58%         4


Dungeon Overview and Level Annotations

Branches:
Dungeon (2/15)

Altars:


Innate Abilities, Weirdness & Mutations

You have a pair of small antennae on your head.
You are partially covered in sharp spines.


Message History

You start waiting.
Done waiting.
Things that are here:
13 gold pieces; a hobgoblin corpse You now have 59 gold pieces (gained 13).
You see here a hobgoblin corpse.
Aiming: Freeze (safe; 3% risk of failure)
Press: ? - help, Shift-Dir - straight line, f - quokka
Aim: a quokka You freeze the quokka.
You kill the quokka!
You start resting.
You sense a monster nearby.
The worm bites you.
You see here a hobgoblin corpse.
Aiming: Freeze (safe; 3% risk of failure)
Press: ? - help, Shift-Dir - straight line, f - worm
Aim: a worm You freeze the worm.
The worm is moderately wounded.
Aiming: Freeze (safe; 3% risk of failure)
Press: ? - help, Shift-Dir - straight line, f/p - worm
Aim: a worm (moderately wounded)
You freeze the worm.
The worm is moderately wounded.
The worm is struck by your spines. The worm bites you!
The spell is quite dangerous to miscast (9% risk of failure)!
Continue anyway?
Casting: Frozen Ramparts (quite dangerous; 9% risk of failure)
Press: ? - help, Dir - look around, f - activate You miscast Frozen Ramparts.
You are very lightly contaminated with residual magic.
Nothing appears to happen.
You barely miss the worm.
The worm is moderately wounded.
The worm bites you!
* * * LOW HITPOINT WARNING * * *
You hit the worm.
The worm is heavily wounded.
The worm is struck by your spines. The worm bites you!
You die...

#.... .......# #.... ## .
.......# #.... #.# . #.##.
#......# #.... ...<..#.#..
#......## #.... #... .....#
#.......# ##.... #...
#...######.......# #..... ...
#......#w......# ##.#### ####.##
##......@........ .......
......###.......####.###.....####
####..............# ## #
##.........#######.# #
#..##.##.#.# # # ..###.##.#.# #
#####.##.#.. # ......##.#... .
####..##<#....


You could see a worm.

Vanquished Creatures
  An adder (D:2)
  2 dart slugs
  3 bats
  4 endoplasms
  2 giant cockroaches (D:1)
  5 goblins
  4 hobgoblins
  6 jackals (D:1)
  3 quokkas
  2 ball pythons (D:1)
  A frilled lizard (D:2)
  3 kobolds
  5 rats (D:1)
41 creatures vanquished.

Vanquished Creatures (others)
  12 plants (D:1)
12 creatures vanquished.

Grand Total: 53 creatures vanquished

Notes
Turn   | Place    | Note
-------+----------+-------------------------------------------
     0 | D:1      | themarg the Demonspawn Ice Elementalist began the quest for
                  | the Orb.
     0 | D:1      | Reached XP level 1. HP: 13/13 MP: 3/3
   317 | D:1      | Gained mutation: You are partially covered in sharp spines.
                  | [demonic ancestry]
   317 | D:1      | Reached XP level 2. HP: 19/19 MP: 1/5
   432 | D:1      | Reached skill level 4 in Ice Magic
   588 | D:1      | Gained mutation: You have a pair of small antennae on your
                  | head. [demonic ancestry]
   588 | D:1      | Reached XP level 3. HP: 21/24 MP: 1/6
  1163 | D:1      | Learned a level 3 spell: Frozen Ramparts
  1649 | D:2      | Slain by a worm

Illustrated notes

Levels and vault maps discovered:
D:1:      reono_arrival_mine, layout_loops_ring, serial_bayou,
          serial_bayou_pond_d, serial_bayou_shore_a, serial_bayou_crossing,
          serial_bayou_shore_b
D:2:      layout_basic, minmay_between, uniq_terence, uniq_jessica

Skill      XL: |  1  2  3 |
---------------+----------+-----
Stealth        | 2 3 |  3.0
Ice Magic      | 4 |  4.4
Dodging        | |  1.7
Spellcasting   | |  2.0

Action                     || total
---------------------------++-------
  Melee: Unarmed           ||     8
         War axe           ||    16
         Dagger            ||     7
   Cast: Freeze            ||    45
         Frozen Ramparts   ||     1
    Use: Potion            ||     1
 Armour: Robe              ||    14
  Dodge: Dodged            ||    34

Table legend: (Time is in decaauts)
 A = Elapsed time spent in this place.
 B = Non-inter-level travel time spent in this place.
 C = Inter-level travel time spent in this place.
 D = Time resting spent in this place.
 E = Time spent auto-exploring this place.
 F = Levels seen in this place.
 G = Mean time per level.
                   A        B        C        D        E       F      G
               +--------+--------+--------+--------+--------+-----+--------+
         Total |   1684 |   1662 |     22 |    160 |   1221 |   2 |  842.0 |
       Dungeon |   1684 |   1662 |     22 |    160 |   1221 |   2 |  842.0 |
               +--------+--------+--------+--------+--------+-----+--------+

Top non-repeatable levels by time:
     D:1: 1199 daAuts
     D:2: 484 daAuts
